 Dungeon Crawl Stone Soup version 0.29.1-15-g9cfb28693d (webtiles) character file.

Game seed: 18184309450851412542

19474 LLlMATKO the Fighter (level 12, -1/165 HPs)
             Began as a Minotaur Berserker on Apr 16, 2023.
             Was an Elder of Trog.
             Slain by a cane toad (14 damage)
             ... on level 2 of the Lair of Beasts.
             The game lasted 00:16:49 (15159 turns).

LLlMATKO the Fighter (Minotaur Berserker)          Turns: 15159, Time: 00:16:50

Health: -1/165     AC: 26    Str: 32    XL:     12   Next: 36%
Magic:  11/11      EV: 10    Int:  4    God:    Trog [****..]
Gold:   815        SH: 10    Dex: 19    Spells: 11/11 levels left

rFire   . . .      SeeInvis +   L - +9 hand axe of Ruidabo {vorpal, Fragile Str+2 Dex+6 SInv}
rCold   . . .      Faith    .   V - +0 kite shield
rNeg    . . .      Spirit   .   v - +1 crystal plate armour
rPois   +          Reflect  .   (helmet restricted)
rElec   .          Harm     .   P - +0 cloak
rCorr   .          Rampage  .   M - +0 pair of gloves
Will    .....                   F - +0 pair of boots
Stlth   ..........              t - amulet of the acrobat
HPRegen 0.37/turn               z - +6 ring of strength
MPRegen 0.12/turn               H - ring of poison resistance

@: berserking, very quick
A: horns 2, retaliatory headbutt
a: Renounce Religion, Berserk, Trog's Hand, Brothers in Arms


You were on level 2 of the Lair of Beasts.
You worshipped Trog.
Trog was greatly pleased with you.
You visited 2 branches of the dungeon, and saw 14 of its levels.

You collected 815 gold pieces.

Inventory:

Hand Weapons
 q - a +0 sling
 s - a +3 hand axe of flaming
 B - a +1 vorpal hand axe
 L - the +9 hand axe of Ruidabo (weapon) {vorpal, Fragile Str+2 Dex+6 SInv}
   (You found it on level 8 of the Dungeon)

   It inflicts extra damage upon your enemies.
   Str:       It affects your strength (+2).
   Dex:       It affects your dexterity (+6).
   SInv:      It lets you see invisible.
   Fragile:   It will be destroyed if unequipped.
 U - a +4 spear of venom
Missiles
 c - 33 poisoned darts (quivered)
 p - 98 stones
 x - 11 boomerangs
 C - 4 curare-tipped darts
Armour
 v - a +1 crystal plate armour (worn)
 F - a +0 pair of boots (worn)
 M - a +0 pair of gloves (worn)
 P - a +0 cloak (worn)
 V - a +0 kite shield (worn)
Jewellery
 b - a ring of ice
 t - an amulet of the acrobat (around neck)
 w - a ring of willpower
 z - a +6 ring of strength (left hand)
 A - a ring of ice
 H - a ring of poison resistance (right hand)
 Q - a +4 ring of evasion
 W - a ring of fire
Wands
 a - a wand of iceblast (20)
 E - a wand of flame (37)
 I - a wand of paralysis (2)
 J - a wand of mindburst (14)
Scrolls
 f - a scroll of enchant weapon
 h - 11 scrolls of identify
 l - 4 scrolls of teleportation
 o - 3 scrolls of vulnerability
 N - a scroll of amnesia
Potions
 e - a potion of lignification {unknown}
 i - 4 potions of berserk rage {unknown}
 j - a potion of heal wounds {unknown}
 k - 9 potions of curing
 m - 2 potions of mutation {unknown}
 n - a potion of ambrosia {unknown}
 r - 6 potions of might {unknown}
 D - 3 potions of flight {unknown}
 G - 2 potions of haste {unknown}
 S - 2 potions of magic {unknown}
 T - 2 potions of brilliance {unknown}


   Skills:
 + Level 11.5 Fighting
 + Level 11.4 Axes
 + Level 9.6 Ranged Weapons
 + Level 11.1 Armour
 + Level 10.3 Dodging
 + Level 5.5 Shields


You had 11 spell levels left.
You didn't know any spells.
Your spell library was empty.

Dungeon Overview and Level Annotations

Branches:
Dungeon (12/15)            Temple (0/1) D:7            Lair (2/5) D:11
 Spider (0/4) Lair:2          Orc (0/2) D:10
  Swamp: Lair:2-3    Shoals: Lair:2-3

Altars:
Dithmenos
Fedhas
Gozag
Kikubaaqudgha
Ru
Sif Muna
Vehumet
Wu Jian

Shops:
D:3 :

Annotations:
D:12 Lodul, Nessos


Innate Abilities, Weirdness & Mutations

You have a pair of horns on your head.
You reflexively headbutt those who attack you in melee.


Message History

The eight-headed hydra bites you!
You block the eight-headed hydra's attack.
You lop one of the eight-headed hydra's heads off!
The seven-headed hydra grows two more!
You slash the nine-headed hydra!
The nine-headed hydra is moderately wounded.
You closely miss the water moccasin. You hit the blink frog.
You kill the blink frog!
Trog accepts your kill.
You miss the blink frog. You block the water moccasin's attack.
You block the blink frog's attack.
You slice one of the nine-headed hydra's heads off!
The eight-headed hydra grows two more!
You slice the ten-headed hydra!!
The ten-headed hydra is heavily wounded.
You slash the water moccasin! You hit the cane toad.
You closely miss the blink frog. The cane toad stings you!
* * * LOW HITPOINT WARNING * * *
The ten-headed hydra bites you.
* * * LOW HITPOINT WARNING * * *
The ten-headed hydra bites you but does no damage.
You block the ten-headed hydra's attack.
The ten-headed hydra bites you but does no damage.
The ten-headed hydra bites you!
* * * LOW HITPOINT WARNING * * *
The ten-headed hydra bites you but does no damage. x2
The ten-headed hydra bites you.
* * * LOW HITPOINT WARNING * * *
The ten-headed hydra bites you but does no damage.
The ten-headed hydra bites you!
* * * LOW HITPOINT WARNING * * *
The water moccasin bites you.
* * * LOW HITPOINT WARNING * * *
You barely miss the ten-headed hydra.
Your headbutt misses the ten-headed hydra.
The ten-headed hydra is heavily wounded.
You closely miss the cane toad. You slash the blink frog!
You closely miss the water moccasin.
The blink frog hits you but does no damage.
A blink frog comes into view.
The cane toad stings you!
You die...

**,,,** *,,,,,,* *,,,,,,***
*,,,..#***,,,,,****,,,,,*,**
*,*,...#,*,,,,,,,****,,,,,,,
***,....#***,,,,,,,***,,,,,,
***,...#****,,,,,* **,,,,,
*#....###*,,,,,***,*,,,*
*,#.#...#***,,,,****,,,*
***#...†## **,,,,***,,,,
*#.S@F#* *,,,,,,,,,,,
##.DF.#**,,,,,,,,,,,
##....P.,,,,,,,,,,,
##......F,**,**,**
*......#,*******
*P#....#,********
*###....,,,,,,,,,
*PP..,,,,,,,,,
***,,,,,,,,,,,


You could see a ten-headed hydra, a cane toad, 2 blink frogs and a water
moccasin.

Vanquished Creatures
  The ghost of diceflayer the Marksdemonspawn, a journeyman DsHu (D:10)
  A two-headed ogre (D:9)
  Pikel (D:7)
  An ugly thing (D:12)
  2 cyclopes
  2 manticores (D:12)
  Maurice (D:10)
  4 elephants (Lair:1)
  2 cane toads (Lair:1)
  Joseph (D:7)
  A torpor snail (Lair:1)
  Maggie (D:10)
  A gargoyle (D:9)
  A kobold demonologist (D:11)
  2 komodo dragons
  A troll (D:11)
  A polar bear (Lair:1)
  Prince Ribbit (D:6)
  A blink frog (Lair:2)
  A dream sheep (Lair:1)
  A shadow (D:10)
  3 wraiths
  A spriggan (Lair:1)
  An unseen horror simulacrum (D:7)
  2 wyverns
  10 yaks
  A basilisk (Lair:2)
  4 vampire mosquitoes (D:12)
  A steam dragon (D:6)
  2 acid dragons
  Duvessa (D:7)
  4 water moccasins
  2 black bears
  An orc warrior (D:11)
  2 ice beasts (D:7)
  4 ogres
  2 centaurs
  6 wolves (Lair:2)
  4 phantoms
  5 bullfrogs
  3 kobold brigands
  Blork the orc (D:6)
  4 scorpions
  A gnoll sergeant (D:10)
  11 wights
  Dowan (D:7)
  18 killer bees
  3 hounds
  A jelly (D:7)
  A gnoll bouda (D:5)
  3 orc priests
  3 iguanas
  8 orc wizards
  11 adders
  7 gnolls
  A shadow imp (D:5)
  2 white imps
  An ufetubus (D:6)
  2 worms
  4 dart slugs
  33 orcs
  3 bats
  6 endoplasms
  3 giant cockroaches
  7 goblins
  8 hobgoblins
  2 jackals (D:2)
  4 quokkas
  3 ball pythons
  19 kobolds
  6 rats
264 creatures vanquished.

Vanquished Creatures (collateral kills)
  The ghost of Frad the Cleaver, a journeyman MiBe of Trog (D:10)
  The ghost of LLlMATKO the Cleaver, a journeyman MiBe of Trog (D:10)
  The ghost of Discosetron the Thaumaturge, a novice DjFE of Makhleb (D:7)
  A centaur zombie (D:7)
  A centaur skeleton (D:7)
  A shadow imp (D:7)
6 creatures vanquished.

Vanquished Creatures (others)
  An orc (D:6)
  2 bushes (Lair:1)
  A fungus (Lair:2)
  10 plants
14 creatures vanquished.

Grand Total: 284 creatures vanquished

Notes
Turn   | Place    | Note
-------+----------+-------------------------------------------
     0 | D:1      | LLlMATKO the Minotaur Berserker began the quest for the
                  | Orb.
     0 | D:1      | Reached XP level 1. HP: 19/19 MP: 0/0
   284 | D:1      | Reached XP level 2. HP: 25/27 MP: 1/1
  1250 | D:2      | Reached XP level 3. HP: 29/33 MP: 2/2
  1376 | D:2      | Reached ** piety under Trog
  1937 | D:3      | Noticed a centaur
  1941 | D:3      | Killed a centaur
  1942 | D:3      | Reached skill level 1 in Ranged Weapons
  1942 | D:3      | Reached XP level 4. HP: 41/41 MP: 3/3
  1951 | D:3      | Reached XP level 5. HP: 47/47 MP: 4/4
  2162 | D:3      | Found Puadeimu's Book Shop.
  2197 | D:3      | Identified the +6 dagger "Geuro" {pain, rElec Will+ Str-5
                  | Int+3}
  2500 | D:3      | Found a faded altar of an unknown god.
  2753 | D:4      | Noticed a phantom
  2762 | D:3      | Killed a phantom
  3054 | D:4      | Reached skill level 5 in Fighting
  3054 | D:4      | Reached skill level 5 in Axes
  3110 | D:4      | Reached XP level 6. HP: 56/56 MP: 5/5
  3916 | D:4      | Found an ornate altar of the Wu Jian Council.
  4018 | D:5      | Entered Level 5 of the Dungeon
  4420 | D:5      | Reached XP level 7. HP: 61/61 MP: 6/6
  4882 | D:5      | Reached skill level 5 in Armour
  4937 | D:5      | Found a shadowy altar of Dithmenos.
  4940 | D:5      | Reached *** piety under Trog
  5484 | D:6      | Noticed Prince Ribbit
  5521 | D:6      | Killed Prince Ribbit
  5522 | D:6      | Reached skill level 5 in Dodging
  5522 | D:6      | Reached XP level 8. HP: 9/71 MP: 7/7
  5819 | D:6      | Found an opulent altar of Gozag.
  5822 | D:6      | Found a shimmering blue altar of Sif Muna.
  5823 | D:6      | Found a sacrificial altar of Ru.
  5831 | D:6      | Found a radiant altar of Vehumet.
  5843 | D:6      | Found a blossoming altar of Fedhas.
  6267 | D:6      | Noticed Blork the orc
  6274 | D:6      | Killed Blork the orc
  6604 | D:6      | Reached skill level 5 in Ranged Weapons
  7004 | D:6      | Reached XP level 9. HP: 63/79 MP: 8/8
  7349 | D:6      | Found an opulent altar of Gozag.
  7352 | D:6      | Found a shimmering blue altar of Sif Muna.
  7353 | D:6      | Found a sacrificial altar of Ru.
  7354 | D:6      | Found a radiant altar of Vehumet.
  7367 | D:6      | Found a blossoming altar of Fedhas.
  7941 | D:7      | Found a runed translucent gate.
  8015 | D:7      | Found a runed translucent gate.
  8016 | D:7      | Found a runed translucent gate.
  8390 | D:7      | Reached **** piety under Trog
  8399 | D:7      | Noticed Dowan
  8407 | D:7      | Noticed Duvessa
  8408 | D:7      | Killed Dowan
  8412 | D:7      | Killed Duvessa
  8416 | D:7      | Noticed Joseph
  8432 | D:7      | Killed Joseph
  8699 | D:7      | Noticed Discosetron's ghost (novice DjFE)
  8717 | D:7      | Noticed Pikel
  8724 | D:7      | Killed Pikel
  8725 | D:7      | Reached XP level 10. HP: 90/90 MP: 9/9
  9421 | D:7      | Found a staircase to the Ecumenical Temple.
  9488 | D:7      | Killed Discosetron's ghost
  9749 | D:8      | Identified the +9 hand axe of Ruidabo {vorpal, Fragile
                  | Str+2 Dex+6 SInv}
 10560 | D:9      | Noticed a two-headed ogre
 10569 | D:9      | Killed a two-headed ogre
 10816 | D:9      | Noticed a gargoyle
 10825 | D:9      | Killed a gargoyle
 11456 | D:10     | Entered Level 10 of the Dungeon
 11571 | D:10     | Noticed Maurice
 11578 | D:10     | Killed Maurice
 11624 | D:10     | Identified the +3 leather armour "Zievol" {+Blink Dex+2}
 11679 | D:10     | Found a staircase to the Orcish Mines.
 11740 | D:10     | Found an ancient bone altar of Kikubaaqudgha.
 11777 | D:10     | Noticed Maggie
 11790 | D:10     | Killed Maggie
 11791 | D:10     | Reached XP level 11. HP: 77/94 MP: 10/10
 11796 | D:10     | Reached skill level 10 in Fighting
 12414 | D:10     | Found a runed translucent gate.
 12414 | D:10     | Noticed LLlMATKO's ghost (journeyman MiBe)
 12418 | D:10     | Found a runed translucent gate.
 12418 | D:10     | Found a runed translucent gate.
 12418 | D:10     | Noticed diceflayer's ghost (journeyman DsHu)
 12420 | D:10     | Noticed Frad's ghost (journeyman MiBe)
 12478 | D:10     | Killed LLlMATKO's ghost
 12479 | D:10     | Reached skill level 10 in Axes
 12479 | D:10     | Reached skill level 1 in Shields
 12482 | D:10     | Killed Frad's ghost
 12488 | D:10     | Killed diceflayer's ghost
 12489 | D:10     | Reached skill level 10 in Armour
 12534 | D:11     | Found a staircase to the Lair.
 13376 | D:12     | Noticed a brown ugly thing
 13390 | D:12     | Killed a brown ugly thing
 13868 | D:12     | Noticed Lodul
 13872 | D:12     | Noticed Nessos
 13874 | D:12     | Noticed an eight-headed hydra
 14190 | Lair:1   | Entered Level 1 of the Lair of Beasts
 14373 | Lair:1   | Reached XP level 12. HP: 110/110 MP: 11/11
 14377 | Lair:1   | Reached skill level 10 in Dodging
 14431 | Lair:1   | Reached skill level 5 in Shields
 15149 | Lair:2   | Noticed a five-headed hydra
 15159 | Lair:2   | Slain by a cane toad

Illustrated notes

Levels and vault maps discovered:
D:1:      wander_arrival_chamber, layout_basic
D:2:      layout_rooms, nicolae_concentric_dashed_squares_mild
D:3:      layout_basic, serial_shops, nicolae_square_shop,
          hellmonk_ecumenical_altar_inner_sanctum
D:4:      layout_layer_cave, mainiacjoe_overflow_brackets
D:5:      layout_basic, grunt_dithmenos_shadows
D:6:      layout_gridville, grunt_temple_overflow_open, roderic_lattice_a,
          hangedman_decor_riveting, minmay_misc_feat_more_columns,
          minmay_misc_feat_x, uniq_prince_ribbit1, uniq_blork_the_orc
D:7:      layout_rooms, minmay_temple_entry_fiery, gammafunk_ghost_necromancy,
          grunt_decor_junction, st_stairs_13, uniq_joseph, uniq_pikel,
          uniq_duvessa
D:8:      layout_basic
D:9:      layout_loops_ring, minivault_25
D:10:     layout_loops_cross, mainiacjoe_overflow_boulevard, orc_0_dummy,
          gammafunk_ghost_cemetery, uniq_maurice, uniq_maggie
D:11:     layout_irregular_city, david_lair_shrubbed
D:12:     lemuel_ice_statue, layout_rooms, gammafunk_ghost_arena,
          guppyfry_shop_venom, uniq_lodul, uniq_fannar, uniq_jorgrun,
          uniq_nessos
Lair:1:   layout_roguey, grunt_forest_large_clearing_hut
Lair:2:   layout_concentric_octagons, hellmonk_spider_entry_life_and_decay,
          nicolae_volcano_entry_s_turn, minivault_23

Skill      XL: |  1  2  3  4  5  6  7  8  9 10 11 12 |
---------------+-------------------------------------+-----
Fighting       | 4 5 6 7 8 9 11 | 11.5
Axes           | 4 5 6 7 8 9 11 | 11.4
Armour         | 3 4 5 6 8 9 10 11 | 11.1
Ranged Weapons | 1 2 3 5 6 8 9 |  9.6
Dodging        | 3 4 5 6 7 8 9 10 | 10.3
Shields        | 4 5 |  5.5

Action                   |  1- 3 |  4- 6 |  7- 9 | 10-12 || total
-------------------------+-------+-------+-------+-------++-------
Melee: Hand axe          |    70 |    59 |    45 |   256 ||   430
       Headbutt          |    10 |    12 |    34 |    59 ||   115
       War axe           |       |     2 |    90 |       ||    92
       Battleaxe         |       |       |    68 |    34 ||   102
       Punch             |       |       |       |     2 ||     2
 Fire: Sling             |       |    70 |    54 |    14 ||   138
Throw: Dart              |       |       |     9 |       ||     9
Invok: Berserk           |       |     2 |     5 |     6 ||    13
       Brothers in Arms  |       |       |     1 |     2 ||     3
       Trog's Hand       |       |       |       |     2 ||     2
  Use: Scroll            |       |       |       |    12 ||    12
 Stab: Sleeping          |     1 |       |       |       ||     1
       Distracted        |       |       |     1 |       ||     1
Armor: Animal skin       |     4 |       |       |       ||     4
       Scale mail        |    20 |    16 |       |       ||    36
       Chain mail        |       |    23 |   114 |    47 ||   184
       Crystal plate arm |       |       |       |    98 ||    98
Dodge: Dodged            |    62 |    39 |   122 |   170 ||   393
Block: Kite shield       |       |       |       |    93 ||    93
